AoeStats
← user9747

Arena

509574929Analyzed
4v4 RM · 6d ago on Sep 27, 2026· 72m 24s· 8 players
Game mode
Random Map
Map size
Large (8 player)
Population
200
Speed
Normal
Resources
Standard
Victory
Conquest
Starting age
Dark Age
Ending age
Imperial Age
RankedLock teamsTeams togetherTeam positionsShared explorationLock speedFull tech treeHidden civsTurbo modeCheats
Victory
Defeat
🇮🇳 Italians · India
885
+12
🇮🇳 Hindustanis · India
867
+13
🇮🇳 Sicilians · India
824
+14
🇮🇳 Ethiopians · India
771
+17
🇬🇧 Portuguese · United Kingdom
807
-15
🇸🇪 Teutons · Sweden
803
-14
🇺🇸 Hindustanis · United States
782
-14
🇹🇷 Vikings · Türkiye
774
-13
GABR1EL
11:52 Feudal Age
13:47 Wheelbarrow
13:01 Double-Bit Axe
13:08 Gold Mining
13:10 Stone Mining
14:20 Horse Collar
17:09 Man-at-Arms
22:47 Castle Age
22:46 Forging
22:27 Fletching
22:38 Scale Mail Armor
23:18 Gambesons
23:28 Long Swordsman
26:06 Bow Saw
25:58 Heavy Plow
25:39 Elite Skirmisher
27:27 Stone Shaft Mining
30:00 Fortified Wall
30:01 Pikeman
30:27 Arson
30:57 Bloodlines
33:29 Iron Casting
36:32 Imperial Age
33:49 Loom
33:52 Town Watch
34:12 Squires
34:33 Padded Archer Armor
35:04 Fortified Wall
35:05 Masonry
37:47 Crenellations
37:48 Conscription
38:04 Hoardings
37:50 Ironclad
37:40 Scale Barding Armor
39:29 Blast Furnace
38:38 Siege Engineers
38:43 Heavy Scorpion
39:41 Cavalier
40:33 Bodkin Arrow
40:53 Leather Archer Armor
44:59 Two-Man Saw
43:31 Onager
45:19 Hand Cart
46:41 Chemistry
47:32 Ballistics
46:57 Arrowslits
54:50 Chain Mail Armor
kuro3bb
1:40 Loom
10:11 Feudal Age
10:37 Double-Bit Axe
13:33 Wheelbarrow
17:53 Castle Age
20:52 Stone Mining
21:25 Gold Mining
22:11 Stone Shaft Mining
23:59 Bow Saw
24:05 Horse Collar
25:53 Hand Cart
27:07 Heavy Plow
29:35 Ballistics
30:08 Town Watch
30:25 Pikeman
31:16 Forging
31:07 Scale Mail Armor
30:57 Fletching
31:08 Padded Archer Armor
34:09 Imperial Age
32:44 Bodkin Arrow
33:25 Iron Casting
33:05 Chain Mail Armor
32:40 Gambesons
33:23 Fortified Wall
35:56 Two-Man Saw
35:27 Crop Rotation
35:58 Chemistry
35:17 Man-at-Arms
35:21 Halberdier
36:43 Conscription
42:50 Blast Furnace
42:20 Plate Mail Armor
41:56 Elite Skirmisher
50:13 Onager
59:09 Thumb Ring
bbjameshetfield
7:18 Loom
9:40 Feudal Age
12:26 Double-Bit Axe
17:03 Castle Age
17:10 Fletching
17:20 Padded Archer Armor
17:24 Stone Mining
22:40 Elite Skirmisher
27:26 Pikeman
27:51 Arson
28:02 Crossbowman
29:12 Scale Mail Armor
30:59 Town Watch
31:38 Forging
31:43 Chain Mail Armor
31:24 Bodkin Arrow
31:44 Leather Archer Armor
33:02 Murder Holes
35:41 Chieftains
36:07 Fortified Wall
36:18 Ballistics
36:06 Gold Mining
36:39 Town Patrol
37:23 Squires
41:31 Horse Collar
42:04 Bow Saw
42:36 Iron Casting
42:16 Leather Archer Armor
49:54 Imperial Age
48:45 Treadmill Crane
49:57 Gold Shaft Mining
50:05 Arbalester
50:50 Elite Varangian Guard
53:35 Bogsveigar
52:55 Elite Berserk
53:55 Conscription
53:05 Sappers
54:11 Hoardings
54:01 Bracer
54:31 Ring Archer Armor
55:02 Blast Furnace
54:32 Plate Mail Armor
55:24 Two-Man Saw
54:26 Heavy Plow
55:03 Conscription
55:19 Hoardings
54:14 Sappers
54:24 Arbalester
56:05 Crop Rotation
56:39 Chemistry
55:18 Elite Berserk
56:34 Hoardings
55:29 Sappers
59:40 Elite Varangian Guard
62:45 Sappers
68:06 Masonry
zafishroc
11:01 Feudal Age
11:50 Double-Bit Axe
11:49 Horse Collar
17:09 Castle Age
19:08 Bow Saw
19:52 Heavy Plow
24:48 Grand Trunk Road
25:39 Wheelbarrow
25:58 Gold Mining
26:01 Stone Mining
27:22 Hand Cart
28:41 Stone Shaft Mining
32:33 Imperial Age
31:43 Forging
31:33 Scale Mail Armor
34:36 Chemistry
35:40 Conscription
35:38 Elite Ghulam
38:17 Squires
38:03 Arson
38:58 Iron Casting
38:38 Chain Mail Armor
41:33 Blast Furnace
40:48 Chain Mail Armor
42:15 Caravan
53:43 Heavy Camel Rider
54:34 Scale Barding Armor
54:34 Husbandry
55:22 Bloodlines
55:32 Imperial Camel Rider
70:49 Two-Man Saw
Ryuuji Kenshi
10:36 Feudal Age
11:38 Double-Bit Axe
14:23 Castle Age
12:22 Loom
13:27 Horse Collar
15:42 Bow Saw
20:29 Wheelbarrow
26:16 Hand Cart
27:04 Ballistics
29:51 Imperial Age
28:51 Fletching
30:10 Bodkin Arrow
31:39 Chemistry
32:14 Conscription
37:53 Elite Genoese Crossbowman
38:35 Bracer
41:06 Scale Mail Armor
user9747
13:18 Feudal Age
15:21 Wheelbarrow
17:20 Castle Age
21:31 Horse Collar
21:39 Double-Bit Axe
22:48 Hand Cart
25:12 Bow Saw
25:05 Heavy Plow
27:56 Forging
27:52 Scale Barding Armor
29:10 Husbandry
31:39 Grand Trunk Road
33:48 Bloodlines
32:59 Light Cavalry
34:07 Chain Barding Armor
34:24 Iron Casting
38:03 Imperial Age
38:49 Heavy Camel Rider
40:55 Shatagni
42:21 Plate Barding Armor
42:46 Blast Furnace
44:17 Chemistry
56:51 Imperial Camel Rider
57:41 Padded Archer Armor
Anomaly
11:46 Feudal Age
16:13 Castle Age
14:15 Double-Bit Axe
15:02 Horse Collar
24:26 Bow Saw
24:19 Heavy Plow
26:55 Thumb Ring
26:57 Crossbowman
28:22 Ballistics
31:53 Wheelbarrow
31:04 Town Watch
31:18 Gold Mining
31:19 Stone Mining
33:57 Hand Cart
33:57 Careening
33:45 Murder Holes
34:01 Fortified Wall
34:42 Stone Shaft Mining
34:42 Gold Shaft Mining
34:20 Fletching
34:41 Forging
34:32 Scale Mail Armor
34:32 Padded Archer Armor
34:53 Scale Barding Armor
40:09 Imperial Age
38:52 Light Cavalry
39:33 Husbandry
40:08 Bodkin Arrow
40:49 Iron Casting
40:20 Heavy Scorpion
40:23 Arbalester
40:33 Capped Ram
43:27 Siege Ram
45:49 Hussar
46:55 Bracer
48:58 Blast Furnace
48:14 Leather Archer Armor
49:22 Chemistry
54:04 Elite Skirmisher
56:18 Siege Engineers
56:20 Torsion Engines
60:27 Onager
CookieHunter
10:12 Feudal Age
9:45 Loom
14:40 Castle Age
12:59 Double-Bit Axe
13:34 Horse Collar
15:40 Bow Saw
20:35 Wheelbarrow
23:25 Bloodlines
25:59 Scale Barding Armor
27:37 Hand Cart
30:13 Imperial Age
28:42 Chain Barding Armor
29:21 Husbandry
30:12 Ballistics
30:28 Masonry
30:54 Forging
31:15 Hand Cart
31:00 Cavalier
33:06 Plate Barding Armor
34:10 Iron Casting
34:50 Conscription
35:47 Chemistry
36:28 Blast Furnace
35:38 Fletching
37:12 Arrowslits
37:52 Murder Holes
41:11 Hoardings
44:10 Bodkin Arrow
43:55 Elite Skirmisher
46:38 Bracer
50:45 Siege Engineers
58:21 Light Cavalry
62:08 Caravan
63:03 Capped Ram
65:05 Siege Ram
68:18 Pikeman
69:01 Halberdier
Connection lost

Rejoining the realm…

Still unreachable

The connection could not be restored.

Session expired

The server has moved on; the page needs a fresh start.